 Dungeon Crawl Stone Soup version 0.25-a0-290-g4a1327ee3a (webtiles) character file.

Game seed: 6591259260784189746, levelgen mode: deterministic

28 1312 the Ducker (level 3, 28/28 HPs)
             Began as a Demonspawn Gladiator on Dec 14, 2019.
             Quit the game on level 1 of the Dungeon.
             The game lasted 00:00:48 (793 turns).

1312 the Ducker (Demonspawn Gladiator)               Turns: 793, Time: 00:00:49

Health: 28/28      AC:  3    Str: 14    XL:     3   Next: 0%
Magic:  3/3        EV: 13    Int:  9    God:
Gold:   23         SH:  0    Dex: 15    Spells: 2/2 levels left

rFire    . . .     SeeInvis .   a - +0 long sword
rCold    . . .     Gourm    .   (no shield)
rNeg     . . .     Faith    .   b - +0 leather armour
rPois    .         Spirit   .   (helmet restricted)
rElec    .         Reflect  .   (no cloak)
rCorr    .         Harm     .   (no gloves)
MR       .....                  (no boots)
Stlth    +.........             (no amulet)
HPRegen  0.09/turn              (no ring)
MPRegen  0.08/turn              (no ring)

@: no status effects
A: antennae 1
a: no special abilities


You were on level 1 of the Dungeon.
You were not hungry.

You visited 1 branch of the dungeon, and saw 1 of its levels.

You collected 23 gold pieces.

Inventory:

Hand Weapons
 a - a +0 long sword (weapon)
Missiles
 d - 3 throwing nets (quivered)
Armour
 b - a +0 leather armour (worn)
 c - a +0 helmet
Scrolls
 h - a scroll of identify {unknown}
 i - a scroll of enchant weapon {unknown}
Potions
 e - a potion of degeneration {unknown}
 g - a potion of might {unknown}
 j - a potion of agility {unknown}
Comestibles
 f - 3 rations


   Skills:
 + Level 2.5 Fighting
 + Level 3.0 Long Blades
 + Level 1.9 Throwing
 + Level 0.1 Armour
 + Level 3.1 Dodging


You had 2 spell levels left.
You didn't know any spells.
Your spell library was empty.

Dungeon Overview and Level Annotations

Branches:
Dungeon (1/15)

Altars:


Innate Abilities, Weirdness & Mutations

You have a pair of small antennae on your head.


Message History

You hit the leopard gecko.
You kill the leopard gecko!
You hit the rat.
You kill the rat!
You closely miss the goblin. The goblin hits you with a +0 club.
You closely miss the goblin. The goblin barely misses you.
You riposte.
You hit the goblin.
You kill the goblin!
Your Long Blades skill increases to level 3!
The kobold hits you.
You barely miss the kobold. The kobold barely misses you.
You hit the kobold.
You kill the kobold!
You have reached level 3!
Your experience leads to an increase in your attributes!
Increase (S)trength, (I)ntelligence, or (D)exterity?
You feel agile.
You start resting.
HP restored.
Are you sure you want to abandon this character and quit the game? (Confirm with "yes".)

######### #####...#...##
#............##
##............#
#.............
##....(....... #
####..........##
#>..#####........#...###
#.....)@...##.##########
..#..####..#### ##. ...
####..## #.. . #..'...#
# # #.# #<.##..#
#..###.. #..##..+
#..##.. #####..##
###.##.. ##..# #.......
#..###......>


There were no monsters in sight!

Vanquished Creatures
  2 dart slugs (D:1)
  2 leopard geckos (D:1)
  A giant cockroach (D:1)
  2 goblins (D:1)
  A hobgoblin (D:1)
  4 jackals (D:1)
  2 bats (D:1)
  5 kobolds (D:1)
  3 rats (D:1)
22 creatures vanquished.

Notes
Turn   | Place    | Note
-------+----------+-------------------------------------------
     0 | D:1      | 1312 the Demonspawn Gladiator began the quest for the Orb.
     0 | D:1      | Reached XP level 1. HP: 16/16 MP: 1/1
   216 | D:1      | Gained mutation: You have a pair of small antennae on your
                  | head. [demonic ancestry]
   216 | D:1      | Reached XP level 2. HP: 22/22 MP: 2/2
   608 | D:1      | Reached XP level 3. HP: 11/28 MP: 3/3
   793 | D:1      | Quit the game

Levels and vault maps discovered:
D:1:      dpeg_arrival_short_road, layout_rooms, skrybe_limestone_x,
          minmay_misc_feat_more_columns

Skill      XL: |  1  2 |
---------------+-------+-----
Dodging        | 3 |  3.1
Long Blades    | 3 |  3.0
Fighting       | |  2.5
Throwing       | |  1.9
Armour         | |  0.1

Action                   || total
-------------------------++-------
Melee: Long sword        ||    52
Armor: Leather armour    ||    16
Dodge: Dodged            ||    41
       Rpst.: Long sword ||    14

Table legend:
 A = Non-vault XP
 B = Vault XP
 C = Vault XP percentage of total XP
 D = Non-vault monster count
 E = Vault monster count
 F = Vault count percentage of total count
                 A         B        C        D         E       F
            +---------+---------+-------+---------+---------+-------
      Total |      41 |       0 |   0.0 |      22 |       0 |   0.0
            +---------+---------+-------+---------+---------+-------
        D:1 |      41 |       0 |   0.0 |      22 |       0 |   0.0
            +---------+---------+-------+---------+---------+-------
